 Dungeon Crawl Stone Soup version 0.19-a0-1608-g4cf22de (webtiles) character file.

83 Amnesiac the Cudgeler (level 4, 0/33 HPs)
             Began as a Mummy Gladiator on Sept 17, 2016.
             Slain by a worker ant (5 damage)
             ... on level 3 of the Dungeon.
             The game lasted 00:01:26 (594 turns).

Amnesiac the Cudgeler (Mummy Gladiator)              Turns: 594, Time: 00:01:26

Health: 0/33       AC:  4    Str: 18    XL:     4   Next: 22%
Magic:  4/4        EV: 12    Int:  7    God:
Gold:   40         SH:  0    Dex: 13    Spells: 0 memorised, 3 levels left

rFire  x . .     SeeInvis .     a - +0 flail
rCold  + . .     Gourm    .     b - +0 leather armour
rNeg   + + +     Faith    .     (no shield)
rPois  ∞         Spirit   .     c - +0 helmet
rElec  .         Dismiss  .     (no cloak)
rCorr  .         Reflect  .     (no gloves)
MR     .....     Harm     .     (no boots)
Stlth  +.........               (no amulet)
                                (no ring)
                                (no ring)

@: no status effects
A: no food or potions, fire vulnerability, cold resistance 1, negative energy
resistance 3, torment resistance, unbreathing
a: no special abilities


You were on level 3 of the Dungeon.
You were not hungry.

You visited 1 branch of the dungeon, and saw 3 of its levels.

You collected 40 gold pieces.

Inventory:

Hand Weapons
 a - a +0 flail (weapon)
Missiles
 d - 3 throwing nets (quivered)
Armour
 b - a +0 leather armour (worn)
 c - a +0 helmet (worn)
Scrolls
 e - a scroll of teleportation {unknown}
 f - 2 scrolls of random uselessness {unknown}
 g - a scroll of noise {unknown}
 h - 2 scrolls of amnesia {unknown}
 i - a scroll of remove curse {unknown}


   Skills:
 - Level 2.0 Fighting
 + Level 4.2 Maces & Flails
 - Level 1.5 Throwing
 - Level 2.4 Dodging


You had 3 spell levels left.
You didn't know any spells.

Dungeon Overview and Level Annotations

Branches:
Dungeon (3/15)

Altars:

Annotations:
D:3 Natasha


Innate Abilities, Weirdness & Mutations

You do not eat or drink.
Your flesh is vulnerable to fire.
You are immune to poison.
Your flesh is cold resistant. (rC+)
You are immune to negative energy. (rN+++)
You are immune to unholy pain and torment.
You can survive without breathing.


Message History

You hit the orc priest.
The orc priest is severely wounded.
The orc misses you.
The orc priest hits you with a falchion.
The orc closely misses you.
You closely miss the orc priest.
The orc priest is severely wounded.
The orc closely misses you. The orc priest misses you.
The orc barely misses you.
The orc hits you from afar with a trident.
* * * LOW HITPOINT WARNING * * *
Natasha, Servant of Life and Death comes into view.
Natasha hisses angrily.
You hit the orc priest.
The orc priest is severely wounded.
The orc priest hits you but does no damage.
The orc hits you with a short sword.
* * * LOW HITPOINT WARNING * * *
The worker ant bites you.
You die...

.. ### ... #.r ##.#
#.# #..# #.# #..# #.#
##..# #.#
#.)a##########.###
#..o@.)......(...####
#.go##########.#.....
#.o.# #.###### #...#
#.# #.#.## #.# #.#.(#
### #.#h.# #.....
........


You could see a worker ant, an orc priest, Natasha, 2 orcs and a hobgoblin.

Vanquished Creatures
  Natasha (twice) (D:3)
  2 adders (D:3)
  A leopard gecko (D:3)
  A ball python (D:3)
  3 goblins
  4 hobgoblins
  A jackal (D:3)
  2 kobolds
16 creatures vanquished.

Notes
Turn   | Place    | Note
-------+----------+-------------------------------------------
     0 | D:1      | Amnesiac the Mummy Gladiator began the quest for the Orb.
     0 | D:1      | Reached XP level 1. HP: 16/16 MP: 1/1
    61 | D:3      | Noticed Natasha
    66 | D:3      | Killed Natasha
    66 | D:3      | Reached skill level 3 in Maces & Flails
    66 | D:3      | Reached XP level 2. HP: 19/22 MP: 2/2
    71 | D:3      | Reached XP level 3. HP: 22/27 MP: 3/3
   488 | D:3      | Noticed Natasha
   587 | D:3      | Killed Natasha
   587 | D:3      | Reached skill level 4 in Maces & Flails
   587 | D:3      | Reached XP level 4. HP: 18/33 MP: 4/4
   594 | D:3      | Noticed Natasha
   594 | D:3      | Slain by a worker ant

Vault maps used:
D:1:      dpeg_arrival_renting
D:2:      kennysheep_path_1
D:3:      grunt_temple_overflow_diamond, first_bread, serial_bayou_pond_b,
          kennysheep_generic_room_10, uniq_natasha, uniq_grinder

Skill      XL: |  1  2  3 |
---------------+----------+-----
Maces & Flails | 3 4 |  4.2
Fighting       | |  2.0
Throwing       | |  1.5
Dodging        | |  2.4

Action                   |  1- 3 |  4- 6 || total
-------------------------+-------+-------++-------
Melee: Flail             |    58 |     7 ||    65
 Stab: Sleeping          |     2 |       ||     2
Armor: Leather armour    |    14 |     3 ||    17
Dodge: Dodged            |    46 |    10 ||    56
